 Dungeon Crawl Stone Soup version 0.24.0-125-gc4c63601f3 (webtiles) character file.

Game seed: 17079921579806853269, levelgen mode: deterministic

161 Peloso the Shield-Bearer (level 5, -7/47 HPs)
             Began as a Minotaur Fighter on Mar 2, 2020.
             Killed by divine providence
             ... invoked by an orc priest
              (11 damage)
             ... on level 3 of the Dungeon.
             The game lasted 00:03:17 (1793 turns).

Peloso the Shield-Bearer (Minotaur Fighter)         Turns: 1793, Time: 00:03:18

Health: -7/47      AC:  9    Str: 20    XL:     5   Next: 18%
Magic:  4/4        EV:  6    Int:  5    God:
Gold:   104        SH:  9    Dex: 11    Spells: 4/4 levels left

rFire    . . .     SeeInvis .   a - +0 long sword
rCold    + . .     Gourm    .   c - +0 shield
rNeg     . . .     Faith    .   h - +0 chain mail
rPois    .         Spirit   .   (helmet restricted)
rElec    .         Reflect  .   (no cloak)
rCorr    .         Harm     .   (no gloves)
MR       .....                  (no boots)
Stlth    ..........             (no amulet)
HPRegen  0.15/turn              g - ring of protection from cold
MPRegen  0.09/turn              (no ring)

@: no status effects
A: retaliatory headbutt, horns 2
a: no special abilities


You were on level 3 of the Dungeon.
You were hungry.

You visited 1 branch of the dungeon, and saw 3 of its levels.

You collected 104 gold pieces.

Inventory:

Hand Weapons
 a - a +0 long sword (weapon)
Armour
 b - a +0 scale mail
 c - a +0 shield (worn)
 h - a +0 chain mail (worn)
Jewellery
 g - a ring of protection from cold (left hand)
 k - an uncursed ring of stealth {unknown}
Scrolls
 e - 2 scrolls of teleportation {unknown}
 j - a scroll of random uselessness {unknown}
 l - a scroll of magic mapping {unknown}
 m - a scroll of remove curse {unknown}
 n - 2 scrolls of identify {unknown}
Potions
 d - a potion of might
 o - 2 potions of curing {unknown}
Comestibles
 f - 4 rations


   Skills:
 + Level 4.3 Fighting
 + Level 4.4 Long Blades
 + Level 4.4 Armour
 + Level 0.9 Dodging
 + Level 4.7 Shields


You had 4 spell levels left.
You didn't know any spells.
Your spell library was empty.

Dungeon Overview and Level Annotations

Branches:
Dungeon (3/15)

Altars:
Cheibriados
Ru
Yredelemnul


Innate Abilities, Weirdness & Mutations

You reflexively headbutt those who attack you in melee.
You have a pair of horns on your head.


Message History

You slash the orc priest!
The orc priest is heavily wounded.
The orc priest invokes the aid of Beogh against you.
Beogh smites you! You block the orc priest's attack.
You barely miss the orc priest. Your headbutt misses the orc priest.
The orc priest is heavily wounded.
The orc priest hits you with a +0 club.
You hit the orc priest but do no damage.
The orc priest is heavily wounded.
The orc priest hits you but does no damage.
The orc priest mumbles some strange prayers to Beogh against you.
Beogh smites you!
* * * LOW HITPOINT WARNING * * *
You hit the orc priest. You headbutt the orc priest.
You kill the orc priest!
You have reached level 5!
You block the bat's attack.
The orc priest invokes the aid of Beogh against you.
Beogh smites you!
You die... ##. ....... ... ....... ... ..).>.. ... ....... ... .....?. # bo.....

# ####)o..... # #..@#
# #.#.## # #....####
#......# # ###.....#
#......# # #.....#
#......# # #.....#
+......### #.....#
#.........
..#.....###.........
#...............)....


You could see an orc priest, an orc and a bat.

Vanquished Creatures
  A jelly (D:2)
  An orc priest (D:3)
  3 adders (D:2)
  An ooze (D:2)
  4 worms
  3 dart slugs (D:1)
  2 orcs (D:3)
  2 giant cockroaches
  3 goblins
  8 hobgoblins
  7 jackals (D:1)
  A quokka (D:2)
  5 bats
  5 frilled lizards
  3 kobolds
  2 rats
51 creatures vanquished.

Vanquished Creatures (others)
  A goblin (D:1)
1 creature vanquished.

Grand Total: 52 creatures vanquished

Notes
Turn   | Place    | Note
-------+----------+-------------------------------------------
     0 | D:1      | Peloso the Minotaur Fighter began the quest for the Orb.
     0 | D:1      | Reached XP level 1. HP: 19/19 MP: 0/0
    71 | D:1      | Reached XP level 2. HP: 27/27 MP: 1/1
   357 | D:1      | Reached XP level 3. HP: 32/33 MP: 2/2
   648 | D:2      | Reached XP level 4. HP: 24/40 MP: 3/3
  1050 | D:2      | Found a snail-covered altar of Cheibriados.
  1050 | D:2      | Found a basalt altar of Yredelemnul.
  1051 | D:2      | Found a sacrificial altar of Ru.
  1793 | D:3      | Reached XP level 5. HP: 4/47 MP: 4/4
  1793 | D:3      | Killed from afar by an orc priest

Levels and vault maps discovered:
D:1:      lightli_arrival_windingriver, layout_basic, minmay_stone_trees_medium
D:2:      layout_basic, gammafunk_temple_overflow_claw,
          kennysheep_generic_room_10
D:3:      layout_basic

Skill      XL: |  1  2  3  4 |
---------------+-------------+-----
Shields        | 4 |  4.7
Fighting       | 4 |  4.3
Long Blades    | 3 4 |  4.4
Armour         | 4 |  4.4
Dodging        | |  0.9

Action                   |  1- 3 |  4- 6 || total
-------------------------+-------+-------++-------
Melee: Long sword        |    73 |    60 ||   133
       Headbutt          |    11 |    10 ||    21
  Use: Potion            |       |     2 ||     2
  Eat: Chunk             |       |     2 ||     2
Armor: Scale mail        |    44 |       ||    44
       Chain mail        |       |    21 ||    21
Dodge: Dodged            |    23 |    10 ||    33
Block: Shield            |    56 |    31 ||    87
       Rpst.: Long sword |     5 |     4 ||     9
